Oilers vs Predators

Created - 21 octobre 2015 at 22:59

Goals
1 2 3 T
Oilers 1 4 2 7
Predators 0 2 2 4
Shots
1 2 3 T
Oilers 4 12 11 27
Predators 13 13 9 35

1st period

1. Oilers , Adam Burish 3 (Patrick Kaleta, Ilya Kovalchuk) at 16:39 (PP)

Penalties :
Josef Vasicek (Nas) for Tripping (Minor) at 14:44, Michael Grabner (Nas) for Slashing (Minor) at 18:52

2nd period

2. Oilers , Patrick Kaleta 1 (Ilya Kovalchuk, Jonathan Toews) at 0:47 (PP)
3. Oilers , Evgeny Dadonov 1 (Adam Burish, Peter Regin) at 1:39
4. Predators , Michael Grabner 2 (Alexander Ovechkin, Alexander Edler) at 6:55
5. Oilers , Ian White 1 (Jonathan Toews) at 7:15
6. Predators , Michael Grabner 3 (Josef Vasicek, Alexander Ovechkin) at 11:22
7. Oilers , Jonathan Toews 3 (Adam Burish, Tomas Fleischmann) at 13:56

Penalties :
Brad Boyes (Nas) for Hooking (Minor) at 7:30, Paul Stastny (Edm) for Hooking (Minor) at 16:04, Peter Regin (Edm) for Holding (Minor) at 19:14

3rd period

8. Oilers , Brian Sutherby 1 (Christian Ehrhoff, Brett Clark) at 1:27
9. Predators , Alexander Ovechkin 5 (Alexander Edler) at 3:16
10. Oilers , Jonathan Toews 4 (Ilya Kovalchuk) at 3:32
11. Predators , Erik Rasmussen 1 (Jeremy Williams, Oleg Saprykin) at 12:58

Penalties :
Jeremy Williams (Nas) for Tripping (Minor) at 4:52, Brendan Bell (Nas) for High sticking (Minor) at 7:57, Michael Grabner (Nas) for Tripping (Minor) at 14:05, John Moore (Nas) for Roughing (Minor) at 17:29

Goalie Stats

Cam Ward (Edm), 31 saves from 35 shots - (0,886), W, 5-1-0, 60:00 minutes
Steve Mason (Nas), 14 saves from 17 shots - (0,824), L, 0-2-0, 32:45 minutes
Kari Lehtonen (Nas), 6 saves from 10 shots - (0,600), 27:15 minutes

Players Stats for Oilers

Player Name              G  A  P  +/- PIM S  H  SB GA TA FO     MP     PP MP  PK MP  
------------------------------------------------------------------------------------
Adam Burish              1  2  3   2  0   3  0  0  1  1  0/0    19:46   5:47   1:55 
Brett Clark              0  1  1  -1  0   0  1  2  0  0  0/0    19:33   5:32   1:44 
Brian Sutherby           1  0  1   1  0   1  0  1  0  0  3/6    11:29   1:47   1:55 
Christian Ehrhoff        0  1  1   2  0   1  0  0  1  0  0/0    23:18   8:13   1:44 
David Hale               0  0  0   2  0   0  1  0  0  1  0/0    12:24   0:00   0:00 
Eric Nystrom             0  0  0   0  0   6  2  1  1  2  0/0    11:38   2:02   2:03 
Evgeny Dadonov           1  0  1   1  0   2  2  0  0  0  0/0     8:40   0:00   0:00 
Ian White                1  0  1   0  0   1  3  1  2  0  0/0    28:03   8:13   2:14 
Ilya Kovalchuk           0  3  3   0  0   3  2  1  1  0  0/1    24:39   8:45   0:00 
Jonathan Toews           2  2  4   0  0   6  1  0  2  1  20/39  22:44   8:21   0:12 
Patrick Kaleta           1  1  2  -2  0   2  2  0  1  0  2/3    19:39   5:42   0:54 
Patrick Kane             0  0  0   0  0   0  0  0  2  0  2/2     6:01   1:07   0:00 
Paul Stastny             0  0  0  -1  2   0  0  1  0  0  3/11   14:25   3:09   0:00 
Peter Regin              0  1  1   2  2   1  0  0  0  0  2/5     9:55   0:00   0:57 
Rob Scuderi              0  0  0   0  0   0  0  1  0  0  0/0    19:27   0:00   2:14 
Tomas Fleischmann        0  1  1   0  0   1  0  0  0  0  1/1    14:35   0:00   0:00 
Wayne Simmonds           0  0  0   0  0   0  1  0  0  0  0/0    12:29   4:35   0:00 
Zach Bogosian            0  0  0  -1  0   0  0  2  0  0  0/0    17:15   5:32   0:00 

Players Stats for Predators

Player Name              G  A  P  +/- PIM S  H  SB GA TA FO     MP     PP MP  PK MP  
------------------------------------------------------------------------------------
Alexander Edler          0  2  2   2  0   2  1  2  0  0  0/0    20:36   2:29   0:24 
Alexander Ovechkin       1  2  3   2  0   4  0  0  0  1  6/13   23:50   2:24   8:30 
Alexander Steen          0  0  0  -3  0   5  2  0  0  0  1/1    19:05   1:34   4:59 
Barret Jackman           0  0  0   0  0   2  0  0  0  1  0/0    16:35   0:00   6:11 
Brad Boyes               0  0  0  -3  2   2  2  0  0  0  4/4    17:17   1:34   3:12 
Brendan Bell             0  0  0   0  2   2  0  0  0  0  0/0    12:15   1:29   0:00 
Danny Richmond           0  0  0  -4  0   3  1  1  0  0  0/0    23:59   2:29   7:34 
Erik Rasmussen           1  0  1   1  0   3  2  0  0  0  0/2     7:11   0:00   0:35 
James Van Riemsdyk       0  0  0  -1  0   0  2  0  0  0  0/0    10:29   0:00   0:11 
Jeremy Williams          0  1  1   1  2   1  0  0  0  0  0/0     6:39   0:00   0:00 
Joe Thornton             0  0  0  -3  0   2  3  0  3  1  8/16   22:02   1:34   8:17 
John Moore               0  0  0  -2  2   1  1  2  0  1  0/0    16:57   0:00   4:51 
Josef Vasicek            0  1  1   2  2   3  1  0  0  1  10/23  15:04   2:24   0:00 
Kris Vernarsky           0  0  0  -1  0   0  1  1  1  1  4/7    10:13   0:00   0:00 
Michael Grabner          2  0  2   2  4   4  0  0  0  0  0/0    15:18   2:24   0:00 
Oleg Saprykin            0  1  1   1  0   0  0  1  0  1  0/0     6:31   0:00   0:00 
Ryan Mcdonagh            0  0  0   2  0   1  4  3  1  4  0/0    30:01   1:29   8:30 
Vitali Yachmenev         0  0  0  -1  0   0  3  0  0  0  2/2    12:06   0:00   1:46 

3 Stars

1 - Jonathan Toews (Edm)
2 - Alexander Ovechkin (Nas)
3 - Adam Burish (Edm)

Power Play

Oilers - 2 on 7 Attempt(s) - 28,57%
Predators - 0 on 2 Attempt(s) - 0,00%

Penalty Kill

Oilers - 2 on 2 Attempt(s) - 100,00% - Score 0 goal in Penalty Kill
Predators - 5 on 7 Attempt(s) - 71,43% - Score 0 goal in Penalty Kill

Team Stat

Oilers - Hits : 15 - Faceoff Wins : 33 - Blocked Shots : 10 - Penalty Minutes : 4
Predators - Hits : 23 - Faceoff Wins : 35 - Blocked Shots : 10 - Penalty Minutes : 14

Official

Referees : Lee Chris and LaRue Dennis
Linesman : Greg Devorski and Brad Kovachik

Game Notes

Patrick Kane is injured at 18:09 of 1st period (Strained Left Elbow)
Steve Mason enters game at 7:15 of 2nd period

Finance

Level 1 -- Attendance: 4942 (82,37%) -- Ticket Income 444 780 $
Level 2 -- Attendance: 4494 (89,88%) -- Ticket Income 238 182 $
Level 3 -- Attendance: 1726 (86,30%) -- Ticket Income 56 958 $
Level 4 -- Attendance: 4000 (100,00%) -- Ticket Income 84 000 $
Luxury Box -- Attendance: 762 (76,20%) -- Ticket Income 144 018 $
Game was played at the Wildcat center'
Total Attendance: 15924 (88,47%)
Total Ticket Income: 967 938 $
Other Income: 145 191 $
Total Income: 1 113 129 $

Oilers

5 vs 5 Forward 
   Center                   Left Wing                Right Wing               Time % Phy DF OF 
 1 Jonathan Toews           Tomas Fleischmann        Patrick Kane             40     0   2  3  
 2 Paul Stastny             Ilya Kovalchuk           Patrick Kaleta           35     0   2  3  
 3 Peter Regin              Evgeny Dadonov           Adam Burish              16     1   2  2  
 4 Brian Sutherby           Eric Nystrom             Wayne Simmonds           9      1   2  2  

5 vs 5 Defense 
   Defense                  Defense                                           Time % Phy DF OF 
 1 Ian White                Rob Scuderi                                       40     1   2  2  
 2 Christian Ehrhoff        David Hale                                        29     1   2  2  
 3 Zach Bogosian            Brett Clark                                       26     1   2  2  
 4 Christian Ehrhoff        Brett Clark                                       5      1   2  2  

PowerPlay Forward 
   Center                   Left Wing                Right Wing               Time % Phy DF OF 
 1 Jonathan Toews           Ilya Kovalchuk           Patrick Kane             63     1   1  3  
 2 Paul Stastny             Ilya Kovalchuk           Adam Burish              37     1   1  3  

PowerPlay Defense
   Defense                  Defense                                           Time % Phy DF OF 
 1 Ian White                Christian Ehrhoff                                 60     1   2  2  
 2 Zach Bogosian            Brett Clark                                       40     1   2  2  

Penalty Kill 4 Players Forward 
   Center                   Wing                     Time % Phy DF OF 
 1 Peter Regin              Eric Nystrom             50     1   3  1  
 2 Brian Sutherby           Adam Burish              50     1   3  1  

Penalty Kill 4 Players Defense
   Defense                  Defense                  Time % Phy DF OF 
 1 Ian White                Rob Scuderi              50     1   3  1  
 2 Christian Ehrhoff        Brett Clark              50     1   3  1  

Penalty Kill - 3 Players Forward 
   Forward                                           Time % Phy DF OF 
 1 Ilya Kovalchuk                                    50     1   4  0  
 2 Jonathan Toews                                    50     1   4  0  

Penalty Kill - 3 Players Defense
   Defense                  Defense                  Time % Phy DF OF 
 1 Ian White                Rob Scuderi              50     1   4  0  
 2 Christian Ehrhoff        Brett Clark              50     1   4  0  

4 vs 4 Forward 
   Center                   Wing                     Time % Phy DF OF 
 1 Jonathan Toews           Patrick Kane             50     1   2  2  
 2 Paul Stastny             Ilya Kovalchuk           50     1   2  2  

4 vs 4 Defense
   Defense                  Defense                  Time % Phy DF OF 
 1 Ian White                Rob Scuderi              50     1   2  2  
 2 Christian Ehrhoff        Zach Bogosian            50     1   2  2  

Last Minutes Offensive
   Center                   Left Wing                Right Wing               Defense                  Defense                  
   Jonathan Toews           Ilya Kovalchuk           Patrick Kane             Ian White                Christian Ehrhoff        

Last Minutes Defensive
   Center                   Left Wing                Right Wing               Defense                  Defense                  
   Jonathan Toews           Ilya Kovalchuk           Patrick Kane             Ian White                Rob Scuderi              

Goaltenders
Starting : Cam Ward                 
Backup : Sebastien Caron          

Extra Forwards
Normal : Ilya Kovalchuk, Patrick Kaleta, Patrick Kane - PP : Patrick Kaleta, Wayne Simmonds - PK : Patrick Kaleta
Extra Defensemen
Normal : Rob Scuderi, David Hale, Ian White - PP : Rob Scuderi - PK : David Hale, Zach Bogosian
Penalty Shots
Ilya Kovalchuk, Patrick Kane, Jonathan Toews, Paul Stastny, Tomas Fleischmann

Predators

5 vs 5 Forward 
   Center                   Left Wing                Right Wing               Time % Phy DF OF 
 1 Josef Vasicek            Alexander Ovechkin       Michael Grabner          33     1   2  2  
 2 Joe Thornton             Alexander Steen          Brad Boyes               30     1   2  2  
 3 Kris Vernarsky           James Van Riemsdyk       Vitali Yachmenev         23     1   2  2  
 4 Erik Rasmussen           Oleg Saprykin            Jeremy Williams          14     1   2  2  

5 vs 5 Defense 
   Defense                  Defense                                           Time % Phy DF OF 
 1 Alexander Edler          Ryan Mcdonagh                                     40     1   2  2  
 2 John Moore               Danny Richmond                                    30     1   2  2  
 3 Brendan Bell             Barret Jackman                                    20     1   2  2  
 4 Ryan Mcdonagh            Danny Richmond                                    10     1   2  2  

PowerPlay Forward 
   Center                   Left Wing                Right Wing               Time % Phy DF OF 
 1 Josef Vasicek            Alexander Ovechkin       Michael Grabner          60     1   1  3  
 2 Joe Thornton             Alexander Steen          Brad Boyes               40     1   1  3  

PowerPlay Defense
   Defense                  Defense                                           Time % Phy DF OF 
 1 Alexander Edler          Danny Richmond                                    60     1   2  2  
 2 Ryan Mcdonagh            Brendan Bell                                      40     1   2  2  

Penalty Kill 4 Players Forward 
   Center                   Wing                     Time % Phy DF OF 
 1 Alexander Ovechkin       Joe Thornton             60     1   2  2  
 2 Brad Boyes               Alexander Steen          40     1   2  2  

Penalty Kill 4 Players Defense
   Defense                  Defense                  Time % Phy DF OF 
 1 Ryan Mcdonagh            Danny Richmond           60     1   3  1  
 2 Barret Jackman           John Moore               40     1   3  1  

Penalty Kill - 3 Players Forward 
   Forward                                           Time % Phy DF OF 
 1 Alexander Ovechkin                                60     1   2  2  
 2 Joe Thornton                                      40     1   2  2  

Penalty Kill - 3 Players Defense
   Defense                  Defense                  Time % Phy DF OF 
 1 Ryan Mcdonagh            Danny Richmond           60     1   2  2  
 2 Barret Jackman           John Moore               40     1   2  2  

4 vs 4 Forward 
   Center                   Wing                     Time % Phy DF OF 
 1 Joe Thornton             Alexander Ovechkin       60     1   2  2  
 2 Josef Vasicek            Alexander Steen          40     1   2  2  

4 vs 4 Defense
   Defense                  Defense                  Time % Phy DF OF 
 1 Alexander Edler          Ryan Mcdonagh            60     1   2  2  
 2 Danny Richmond           John Moore               40     1   2  2  

Last Minutes Offensive
   Center                   Left Wing                Right Wing               Defense                  Defense                  
   Joe Thornton             Alexander Ovechkin       Brad Boyes               Alexander Edler          Ryan Mcdonagh            

Last Minutes Defensive
   Center                   Left Wing                Right Wing               Defense                  Defense                  
   Joe Thornton             Oleg Saprykin            Vitali Yachmenev         Ryan Mcdonagh            Danny Richmond           

Goaltenders
Starting : Kari Lehtonen            
Backup : Steve Mason              

Extra Forwards
Normal : Kris Vernarsky, Oleg Saprykin, Vitali Yachmenev - PP : Kris Vernarsky, Oleg Saprykin - PK : Vitali Yachmenev
Extra Defensemen
Normal : Brendan Bell, John Moore, Ryan Mcdonagh - PP : Brendan Bell - PK : John Moore, Ryan Mcdonagh
Penalty Shots
Alexander Ovechkin, Joe Thornton, Michael Grabner, Josef Vasicek, Alexander Steen

% Time on Ice - Oilers

Lines # - Real PCT - Wanted PCT - Time Play
Normal Forward
1 - 36% - 40% - 15:14
2 - 27% - 35% - 11:16
3 - 20% - 16% - 8:40
4 - 17% - 9% - 7:07
Normal Defense
1 - 42% - 40% - 17:36
2 - 30% - 29% - 12:38
3 - 26% - 26% - 10:56
4 - 3% - 5% - 1:07
PP Forward
1 - 77% - 63% - 10:36
2 - 23% - 37% - 3:09
PP Defense
1 - 60% - 60% - 8:13
2 - 40% - 40% - 5:32
PK Forward
1 - 52% - 50% - 2:03
2 - 48% - 50% - 1:55
PK Defense
1 - 56% - 50% - 2:14
2 - 44% - 50% - 1:44
PK3 Forward
1 - 0% - 50%
2 - 0% - 50%
PK3 Defense
1 - 0% - 50%
2 - 0% - 50%
44 Forward
1 - 0% - 50%
2 - 0% - 50%
44 Defense
1 - 0% - 50%
2 - 0% - 50%
Last Minute Offensive  - 0:00
Last Minute Defensive  - 0:00
Total
Forward - 60:00
Defense - 60:00

% Time on Ice - Predators

Lines # - Real PCT - Wanted PCT - Time Play
Normal Forward
1 - 31% - 33% - 13:01
2 - 30% - 30% - 12:32
3 - 24% - 23% - 10:13
4 - 15% - 14% - 6:31
Normal Defense
1 - 42% - 40% - 17:46
2 - 31% - 30% - 13:00
3 - 23% - 20% - 9:49
4 - 4% - 10% - 1:42
PP Forward
1 - 61% - 60% - 2:24
2 - 39% - 40% - 1:34
PP Defense
1 - 63% - 60% - 2:29
2 - 37% - 40% - 1:29
PK Forward
1 - 70% - 60% - 9:41
2 - 30% - 40% - 4:04
PK Defense
1 - 55% - 60% - 7:34
2 - 45% - 40% - 6:11
PK3 Forward
1 - 0% - 60%
2 - 0% - 40%
PK3 Defense
1 - 0% - 60%
2 - 0% - 40%
44 Forward
1 - 0% - 60%
2 - 0% - 40%
44 Defense
1 - 0% - 60%
2 - 0% - 40%
Last Minute Offensive  - 0:00
Last Minute Defensive  - 0:00
Total
Forward - 60:00
Defense - 60:00

Play by Play

1st period


0:01 of 1st period - Jonathan Toews wins face-off versus Josef Vasicek in neutral zone.
0:47 of 1st period - David Hale is hit by Vitali Yachmenev and loses puck.
1:35 of 1st period - Danny Richmond is hit by Ian White and loses puck.
1:54 of 1st period - Wrist shot by Brad Boyes.
1:54 of 1st period - Shot Misses the Net.
2:13 of 1st period - Icing by Barret Jackman.
2:14 of 1st period - Kris Vernarsky wins face-off versus Peter Regin in Predators zone.
2:27 of 1st period - Wrist shot by Kris Vernarsky.
2:27 of 1st period - Shot Misses the Net.
2:37 of 1st period - Vitali Yachmenev is hit by Evgeny Dadonov and loses puck.
2:50 of 1st period - Wrist shot by Adam Burish.
2:50 of 1st period - Shot Misses the Net.
3:40 of 1st period - Snap shot by Kris Vernarsky.
3:40 of 1st period - Shot Blocked by Zach Bogosian.
3:42 of 1st period - Slapshot by Brendan Bell.
3:42 of 1st period - Shot Blocked by Brett Clark.
3:44 of 1st period - Snap shot by James Van Riemsdyk.
3:44 of 1st period - Shot Misses the Net.
3:46 of 1st period - Slapshot by Brendan Bell.
3:46 of 1st period - Stopped by Cam Ward with a rebound.
3:48 of 1st period - Slapshot by Brendan Bell.
3:48 of 1st period - Stopped by Cam Ward without a rebound.
3:49 of 1st period - Jonathan Toews wins face-off versus Josef Vasicek in Oilers zone.
5:40 of 1st period - Michael Grabner is hit by Patrick Kaleta and loses puck.
5:53 of 1st period - Snap shot by Jeremy Williams.
5:53 of 1st period - Stopped by Cam Ward with a rebound.
6:07 of 1st period - David Hale is hit by Joe Thornton and loses puck.
7:32 of 1st period - Brett Clark is hit by Erik Rasmussen.
7:52 of 1st period - Wrist shot by Joe Thornton.
7:52 of 1st period - Stopped by Cam Ward with a rebound.
8:35 of 1st period - Icing by Brendan Bell.
8:36 of 1st period - Jonathan Toews wins face-off versus Erik Rasmussen in Predators zone.
9:27 of 1st period - Slapshot by Adam Burish.
9:27 of 1st period - Stopped by Kari Lehtonen without a rebound.
9:28 of 1st period - Josef Vasicek wins face-off versus Peter Regin in Predators zone.
9:35 of 1st period - Backhand shot by Alexander Ovechkin.
9:35 of 1st period - Stopped by Cam Ward with a rebound.
9:49 of 1st period - Snap shot by Peter Regin.
9:49 of 1st period - Deflect By Evgeny Dadonov.
9:49 of 1st period - Stopped by Kari Lehtonen with a rebound.
9:51 of 1st period - Wrist shot by Peter Regin.
9:51 of 1st period - Stopped by Kari Lehtonen without a rebound.
9:52 of 1st period - Jonathan Toews wins face-off versus Joe Thornton in Predators zone.
10:51 of 1st period - John Moore is hit by Eric Nystrom and loses puck.
11:03 of 1st period - John Moore is hit by David Hale and loses puck.
11:14 of 1st period - Josef Vasicek is hit by Eric Nystrom.
11:15 of 1st period - Icing by Josef Vasicek.
11:16 of 1st period - Jonathan Toews wins face-off versus Josef Vasicek in Predators zone.
11:47 of 1st period - Slapshot by Alexander Ovechkin.
11:47 of 1st period - Deflect By Josef Vasicek.
11:47 of 1st period - Stopped by Cam Ward with a rebound.
12:11 of 1st period - Wrist shot by Alexander Ovechkin.
12:11 of 1st period - Shot Blocked by Ian White.
12:13 of 1st period - Backhand shot by John Moore.
12:13 of 1st period - Stopped by Cam Ward with a rebound.
12:15 of 1st period - Backhand shot by Danny Richmond.
12:15 of 1st period - Stopped by Cam Ward with a rebound.
12:17 of 1st period - Snap shot by Alexander Ovechkin.
12:17 of 1st period - Deflect By Michael Grabner.
12:17 of 1st period - Stopped by Cam Ward without a rebound.
12:18 of 1st period - Joe Thornton wins face-off versus Jonathan Toews in Oilers zone.
12:45 of 1st period - Snap shot by Kris Vernarsky.
12:45 of 1st period - Shot Blocked by Zach Bogosian.
12:47 of 1st period - Slapshot by Barret Jackman.
12:47 of 1st period - Stopped by Cam Ward without a rebound.
12:48 of 1st period - Joe Thornton wins face-off versus Paul Stastny in Oilers zone.
12:51 of 1st period - Slapshot by Alexander Steen.
12:51 of 1st period - Shot Misses the Net.
12:53 of 1st period - Wrist shot by Alexander Steen.
12:53 of 1st period - Stopped by Cam Ward with a rebound.
12:55 of 1st period - Slapshot by Barret Jackman.
12:55 of 1st period - Shot Blocked by Paul Stastny.
12:57 of 1st period - Snap shot by Alexander Steen.
12:57 of 1st period - Shot Misses the Net.
12:59 of 1st period - Snap shot by Alexander Steen.
12:59 of 1st period - Stopped by Cam Ward without a rebound.
13:00 of 1st period - Patrick Kane wins face-off versus Joe Thornton in Oilers zone.
13:00 of 1st period - Patrick Kane is hit by Ryan Mcdonagh.
13:32 of 1st period - Wrist shot by Paul Stastny.
13:32 of 1st period - Shot Misses the Net.
13:34 of 1st period - Wrist shot by Ilya Kovalchuk.
13:34 of 1st period - Shot Blocked by Ryan Mcdonagh.
13:56 of 1st period - Slapshot by Oleg Saprykin.
13:56 of 1st period - Shot Misses the Net.
13:58 of 1st period - Slapshot by Ryan Mcdonagh.
13:58 of 1st period - Shot Blocked by Eric Nystrom.
14:08 of 1st period - John Moore is hit by Evgeny Dadonov and loses puck.
14:20 of 1st period - Off-side.
14:21 of 1st period - Jonathan Toews wins face-off versus Josef Vasicek in neutral zone.
14:21 of 1st period - Patrick Kane is hit by Josef Vasicek and loses puck.
14:44 of 1st period - Minor Penalty to Josef Vasicek for Tripping.
14:45 of 1st period - Jonathan Toews wins face-off versus Alexander Ovechkin in Predators zone.
15:05 of 1st period - Danny Richmond is hit by Ilya Kovalchuk and loses puck.
15:47 of 1st period - Slapshot by Alexander Steen.
15:47 of 1st period - Shot Misses the Net.
15:50 of 1st period - Icing by Patrick Kaleta.
15:51 of 1st period - Brad Boyes wins face-off versus Jonathan Toews in Oilers zone.
15:54 of 1st period - Snap shot by Brad Boyes.
15:54 of 1st period - Stopped by Cam Ward without a rebound.
15:55 of 1st period - Patrick Kane wins face-off versus Alexander Ovechkin in Oilers zone.
15:55 of 1st period - Patrick Kane is hit by Joe Thornton.
16:39 of 1st period - Wrist shot by Adam Burish.
16:39 of 1st period - Goal by Adam Burish - Oilers : 1 - Predators : 0.
16:40 of 1st period - Joe Thornton wins face-off versus Jonathan Toews in neutral zone.
17:48 of 1st period - Christian Ehrhoff is hit by Kris Vernarsky.
17:57 of 1st period - Off-side.
17:58 of 1st period - Joe Thornton wins face-off versus Jonathan Toews in neutral zone.
18:08 of 1st period - Patrick Kane is hit by Alexander Steen and loses puck.
18:09 of 1st period - Patrick Kane from Oilers is injured at 18:09 of 1st period (Strained Left Elbow).
18:10 of 1st period - Jonathan Toews wins face-off versus Joe Thornton in Oilers zone.
18:35 of 1st period - Michael Grabner is hit by Wayne Simmonds and loses puck.
18:42 of 1st period - Wrist shot by Eric Nystrom.
18:42 of 1st period - Shot Misses the Net.
18:44 of 1st period - Wrist shot by Eric Nystrom.
18:44 of 1st period - Shot Misses the Net.
18:46 of 1st period - Wrist shot by Brian Sutherby.
18:46 of 1st period - Shot Blocked by Danny Richmond.
18:52 of 1st period - Minor Penalty to Michael Grabner for Slashing.
18:53 of 1st period - Jonathan Toews wins face-off versus Alexander Ovechkin in Predators zone.
19:51 of 1st period - Icing by Adam Burish.
19:52 of 1st period - Alexander Ovechkin wins face-off versus Jonathan Toews in Oilers zone.
Goals for this period are 1 for Oilers vs 0 for Predators.
Shots for this period are 4 for Oilers vs 13 for Predators.

2nd period


0:01 of 2nd period - Alexander Ovechkin wins face-off versus Jonathan Toews in neutral zone.
0:17 of 2nd period - Icing by Ian White.
0:18 of 2nd period - Jonathan Toews wins face-off versus Alexander Ovechkin in Oilers zone.
0:47 of 2nd period - Slapshot by Patrick Kaleta.
0:47 of 2nd period - Goal by Patrick Kaleta - Oilers : 2 - Predators : 0.
0:48 of 2nd period - Joe Thornton wins face-off versus Jonathan Toews in neutral zone.
0:55 of 2nd period - Snap shot by Alexander Steen.
0:55 of 2nd period - Stopped by Cam Ward without a rebound.
0:56 of 2nd period - Tomas Fleischmann wins face-off versus Joe Thornton in Oilers zone.
1:33 of 2nd period - Wrist shot by Jonathan Toews.
1:33 of 2nd period - Stopped by Kari Lehtonen with a rebound.
1:35 of 2nd period - Slapshot by Tomas Fleischmann.
1:35 of 2nd period - Stopped by Kari Lehtonen without a rebound.
1:36 of 2nd period - Peter Regin wins face-off versus Joe Thornton in Predators zone.
1:37 of 2nd period - Snap shot by Adam Burish.
1:37 of 2nd period - Shot Misses the Net.
1:39 of 2nd period - Wrist shot by Evgeny Dadonov.
1:39 of 2nd period - Goal by Evgeny Dadonov - Oilers : 3 - Predators : 0.
1:40 of 2nd period - Joe Thornton wins face-off versus Paul Stastny in neutral zone.
2:44 of 2nd period - Snap shot by Alexander Ovechkin.
2:44 of 2nd period - Stopped by Cam Ward with a rebound.
3:30 of 2nd period - Backhand shot by Ilya Kovalchuk.
3:30 of 2nd period - Shot Blocked by John Moore.
4:18 of 2nd period - Wrist shot by Jeremy Williams.
4:18 of 2nd period - Deflect By Erik Rasmussen.
4:18 of 2nd period - Stopped by Cam Ward with a rebound.
4:20 of 2nd period - Slapshot by Danny Richmond.
4:20 of 2nd period - Shot Misses the Net.
4:22 of 2nd period - Slapshot by Danny Richmond.
4:22 of 2nd period - Stopped by Cam Ward without a rebound.
4:23 of 2nd period - Jonathan Toews wins face-off versus Josef Vasicek in Oilers zone.
4:38 of 2nd period - Wrist shot by Josef Vasicek.
4:38 of 2nd period - Shot Misses the Net.
4:54 of 2nd period - David Hale is hit by Ryan Mcdonagh and loses puck.
5:01 of 2nd period - Snap shot by Eric Nystrom.
5:01 of 2nd period - Shot Misses the Net.
5:03 of 2nd period - Slapshot by Christian Ehrhoff.
5:03 of 2nd period - Stopped by Kari Lehtonen with a rebound.
5:13 of 2nd period - Brett Clark is hit by Vitali Yachmenev and loses puck.
5:25 of 2nd period - Icing by Alexander Edler.
5:26 of 2nd period - Jonathan Toews wins face-off versus Kris Vernarsky in Predators zone.
5:35 of 2nd period - Backhand shot by Ryan Mcdonagh.
5:35 of 2nd period - Stopped by Cam Ward with a rebound.
6:23 of 2nd period - Wrist shot by Alexander Ovechkin.
6:23 of 2nd period - Stopped by Cam Ward without a rebound.
6:24 of 2nd period - Peter Regin wins face-off versus Kris Vernarsky in Oilers zone.
6:55 of 2nd period - Slapshot by Alexander Ovechkin.
6:55 of 2nd period - Deflect By Michael Grabner.
6:55 of 2nd period - Goal by Michael Grabner - Oilers : 3 - Predators : 1.
6:56 of 2nd period - Paul Stastny wins face-off versus Josef Vasicek in neutral zone.
7:07 of 2nd period - Snap shot by Alexander Ovechkin.
7:07 of 2nd period - Deflect By Josef Vasicek.
7:07 of 2nd period - Shot Blocked by Ilya Kovalchuk.
7:07 of 2nd period - Puck is out of play.
7:08 of 2nd period - Jonathan Toews wins face-off versus Joe Thornton in Oilers zone.
7:15 of 2nd period - Snap shot by Ian White.
7:15 of 2nd period - Goal by Ian White - Oilers : 4 - Predators : 1.
7:15 of 2nd period - Steve Mason enters game.
7:16 of 2nd period - Joe Thornton wins face-off versus Paul Stastny in neutral zone.
7:30 of 2nd period - Minor Penalty to Brad Boyes for Hooking.
7:31 of 2nd period - Alexander Ovechkin wins face-off versus Jonathan Toews in Predators zone.
9:30 of 2nd period - Penalty to Brad Boyes is over, Brad Boyes is back on ice.
9:49 of 2nd period - Icing by Erik Rasmussen.
9:50 of 2nd period - Kris Vernarsky wins face-off versus Jonathan Toews in Predators zone.
10:01 of 2nd period - Rob Scuderi is hit by Vitali Yachmenev and loses puck.
11:02 of 2nd period - Icing by David Hale.
11:03 of 2nd period - Josef Vasicek wins face-off versus Brian Sutherby in Oilers zone.
11:10 of 2nd period - Slapshot by Josef Vasicek.
11:10 of 2nd period - Stopped by Cam Ward with a rebound.
11:12 of 2nd period - Snap shot by Michael Grabner.
11:12 of 2nd period - Stopped by Cam Ward without a rebound.
11:13 of 2nd period - Paul Stastny wins face-off versus Josef Vasicek in Oilers zone.
11:20 of 2nd period - Slapshot by Josef Vasicek.
11:20 of 2nd period - Shot Misses the Net.
11:22 of 2nd period - Backhand shot by Michael Grabner.
11:22 of 2nd period - Goal by Michael Grabner - Oilers : 4 - Predators : 2.
11:23 of 2nd period - Josef Vasicek wins face-off versus Jonathan Toews in neutral zone.
11:50 of 2nd period - Peter Regin is hit by Ryan Mcdonagh and loses puck.
12:01 of 2nd period - Wrist shot by Alexander Steen.
12:01 of 2nd period - Stopped by Cam Ward with a rebound.
12:03 of 2nd period - Slapshot by Brad Boyes.
12:03 of 2nd period - Stopped by Cam Ward without a rebound.
12:04 of 2nd period - Kris Vernarsky wins face-off versus Paul Stastny in Oilers zone.
12:12 of 2nd period - Ian White is hit by John Moore and loses puck.
12:42 of 2nd period - Slapshot by Tomas Fleischmann.
12:42 of 2nd period - Deflect By Josef Vasicek.
12:42 of 2nd period - Shot Blocked by John Moore.
12:42 of 2nd period - Puck is out of play.
12:43 of 2nd period - Paul Stastny wins face-off versus Josef Vasicek in Predators zone.
12:48 of 2nd period - Snap shot by Patrick Kaleta.
12:48 of 2nd period - Shot Misses the Net.
12:50 of 2nd period - Slapshot by Ilya Kovalchuk.
12:50 of 2nd period - Shot Blocked by Alexander Edler.
12:52 of 2nd period - Snap shot by Patrick Kaleta.
12:52 of 2nd period - Deflect By Paul Stastny.
12:52 of 2nd period - Shot Blocked by Ryan Mcdonagh.
12:52 of 2nd period - Puck is out of play.
12:53 of 2nd period - Josef Vasicek wins face-off versus Paul Stastny in Predators zone.
13:12 of 2nd period - Wrist shot by Ilya Kovalchuk.
13:12 of 2nd period - Stopped by Steve Mason with a rebound.
13:24 of 2nd period - Snap shot by Patrick Kaleta.
13:24 of 2nd period - Stopped by Steve Mason without a rebound.
13:25 of 2nd period - Joe Thornton wins face-off versus Jonathan Toews in Predators zone.
13:33 of 2nd period - Off-side.
13:34 of 2nd period - Jonathan Toews wins face-off versus Joe Thornton in neutral zone.
13:37 of 2nd period - Danny Richmond is hit by Jonathan Toews and loses puck.
13:50 of 2nd period - Snap shot by Adam Burish.
13:50 of 2nd period - Shot Hit the Post.
13:52 of 2nd period - Wrist shot by Tomas Fleischmann.
13:52 of 2nd period - Shot Misses the Net.
13:54 of 2nd period - Snap shot by Adam Burish.
13:54 of 2nd period - Stopped by Steve Mason with a rebound.
13:56 of 2nd period - Snap shot by Jonathan Toews.
13:56 of 2nd period - Goal by Jonathan Toews - Oilers : 5 - Predators : 2.
13:57 of 2nd period - Josef Vasicek wins face-off versus Ilya Kovalchuk in neutral zone.
14:31 of 2nd period - Snap shot by Alexander Steen.
14:31 of 2nd period - Stopped by Cam Ward without a rebound.
14:32 of 2nd period - Vitali Yachmenev wins face-off versus Paul Stastny in Oilers zone.
14:47 of 2nd period - Snap shot by James Van Riemsdyk.
14:47 of 2nd period - Shot Misses the Net.
15:17 of 2nd period - Snap shot by Eric Nystrom.
15:17 of 2nd period - Stopped by Steve Mason with a rebound.
15:19 of 2nd period - Slapshot by Eric Nystrom.
15:19 of 2nd period - Stopped by Steve Mason without a rebound.
15:20 of 2nd period - Brian Sutherby wins face-off versus Josef Vasicek in Predators zone.
15:49 of 2nd period - Ian White is hit by James Van Riemsdyk and loses puck.
16:04 of 2nd period - Minor Penalty to Paul Stastny for Hooking.
16:05 of 2nd period - Josef Vasicek wins face-off versus Peter Regin in Oilers zone.
17:40 of 2nd period - Icing by Michael Grabner.
17:41 of 2nd period - Brian Sutherby wins face-off versus Joe Thornton in Predators zone.
18:04 of 2nd period - Penalty to Paul Stastny is over, Paul Stastny is back on ice.
18:25 of 2nd period - Wrist shot by Tomas Fleischmann.
18:25 of 2nd period - Shot Misses the Net.
19:14 of 2nd period - Minor Penalty to Peter Regin for Holding.
19:15 of 2nd period - Josef Vasicek wins face-off versus Patrick Kaleta in Oilers zone.
19:33 of 2nd period - Off-side.
19:34 of 2nd period - Brad Boyes wins face-off versus Brian Sutherby in neutral zone.
19:37 of 2nd period - Christian Ehrhoff is hit by Brad Boyes.
19:45 of 2nd period - Wrist shot by Joe Thornton.
19:45 of 2nd period - Deflect By Brad Boyes.
19:45 of 2nd period - Shot Blocked by Brett Clark.
19:45 of 2nd period - Puck is out of play.
19:46 of 2nd period - Patrick Kaleta wins face-off versus Josef Vasicek in Oilers zone.
19:55 of 2nd period - Snap shot by Alexander Ovechkin.
19:55 of 2nd period - Shot Misses the Net.
Goals for this period are 4 for Oilers vs 2 for Predators.
Shots for this period are 12 for Oilers vs 13 for Predators.

3rd period


0:01 of 3rd period - Patrick Kaleta wins face-off versus Josef Vasicek in neutral zone.
0:06 of 3rd period - Snap shot by Patrick Kaleta.
0:06 of 3rd period - Shot Misses the Net.
0:08 of 3rd period - Snap shot by Patrick Kaleta.
0:08 of 3rd period - Deflect By Eric Nystrom.
0:08 of 3rd period - Stopped by Steve Mason with a rebound.
0:10 of 3rd period - Slapshot by Eric Nystrom.
0:10 of 3rd period - Stopped by Steve Mason with a rebound.
0:12 of 3rd period - Snap shot by Eric Nystrom.
0:12 of 3rd period - Stopped by Steve Mason with a rebound.
0:14 of 3rd period - Backhand shot by Eric Nystrom.
0:14 of 3rd period - Shot Blocked by Alexander Edler.
0:16 of 3rd period - Snap shot by Ian White.
0:16 of 3rd period - Deflect By Eric Nystrom.
0:16 of 3rd period - Stopped by Steve Mason with a rebound.
0:26 of 3rd period - Rob Scuderi is hit by Danny Richmond and loses puck.
1:14 of 3rd period - Penalty to Peter Regin is over, Peter Regin is back on ice.
1:25 of 3rd period - Slapshot by Christian Ehrhoff.
1:25 of 3rd period - Shot Blocked by Kris Vernarsky.
1:27 of 3rd period - Snap shot by Brian Sutherby.
1:27 of 3rd period - Goal by Brian Sutherby - Oilers : 6 - Predators : 2.
1:28 of 3rd period - Jonathan Toews wins face-off versus Josef Vasicek in neutral zone.
1:35 of 3rd period - Ryan Mcdonagh is hit by Ilya Kovalchuk and loses puck.
3:16 of 3rd period - Wrist shot by Alexander Ovechkin.
3:16 of 3rd period - Goal by Alexander Ovechkin - Oilers : 6 - Predators : 3.
3:17 of 3rd period - Jonathan Toews wins face-off versus Josef Vasicek in neutral zone.
3:32 of 3rd period - Slapshot by Jonathan Toews.
3:32 of 3rd period - Goal by Jonathan Toews - Oilers : 7 - Predators : 3.
3:33 of 3rd period - Josef Vasicek wins face-off versus Jonathan Toews in neutral zone.
4:31 of 3rd period - Slapshot by Barret Jackman.
4:31 of 3rd period - Stopped by Cam Ward with a rebound.
4:47 of 3rd period - Slapshot by David Hale.
4:47 of 3rd period - Shot Blocked by Oleg Saprykin.
4:52 of 3rd period - Minor Penalty to Jeremy Williams for Tripping.
4:53 of 3rd period - Jonathan Toews wins face-off versus Alexander Ovechkin in Predators zone.
5:09 of 3rd period - Wrist shot by Jonathan Toews.
5:09 of 3rd period - Stopped by Steve Mason with a rebound.
6:30 of 3rd period - Icing by Brett Clark.
6:31 of 3rd period - Alexander Steen wins face-off versus Brian Sutherby in Oilers zone.
6:40 of 3rd period - Joe Thornton is hit by Brett Clark and loses puck.
6:52 of 3rd period - Penalty to Jeremy Williams is over, Jeremy Williams is back on ice.
6:53 of 3rd period - Ilya Kovalchuk is hit by Alexander Steen and loses puck.
7:18 of 3rd period - Off-side.
7:19 of 3rd period - Brian Sutherby wins face-off versus Erik Rasmussen in neutral zone.
7:44 of 3rd period - Brett Clark is hit by James Van Riemsdyk and loses puck.
7:57 of 3rd period - Minor Penalty to Brendan Bell for High sticking.
7:58 of 3rd period - Jonathan Toews wins face-off versus Alexander Ovechkin in Predators zone.
9:22 of 3rd period - Snap shot by Paul Stastny.
9:22 of 3rd period - Shot Misses the Net.
9:32 of 3rd period - Brian Sutherby is hit by Ryan Mcdonagh and loses puck.
9:49 of 3rd period - Brett Clark is hit by Erik Rasmussen.
9:57 of 3rd period - Penalty to Brendan Bell is over, Brendan Bell is back on ice.
9:59 of 3rd period - Backhand shot by Erik Rasmussen.
9:59 of 3rd period - Shot Blocked by Brian Sutherby.
10:01 of 3rd period - Slapshot by Danny Richmond.
10:01 of 3rd period - Stopped by Cam Ward without a rebound.
10:02 of 3rd period - Kris Vernarsky wins face-off versus Jonathan Toews in Oilers zone.
11:15 of 3rd period - Slapshot by Adam Burish.
11:15 of 3rd period - Shot Misses the Net.
11:47 of 3rd period - Snap shot by Erik Rasmussen.
11:47 of 3rd period - Shot Blocked by Rob Scuderi.
11:49 of 3rd period - Snap shot by Oleg Saprykin.
11:49 of 3rd period - Shot Misses the Net.
11:51 of 3rd period - Slapshot by Erik Rasmussen.
11:51 of 3rd period - Stopped by Cam Ward with a rebound.
12:23 of 3rd period - Danny Richmond is hit by Ian White and loses puck.
12:58 of 3rd period - Wrist shot by Erik Rasmussen.
12:58 of 3rd period - Goal by Erik Rasmussen - Oilers : 7 - Predators : 4.
12:59 of 3rd period - Josef Vasicek wins face-off versus Paul Stastny in neutral zone.
13:02 of 3rd period - Patrick Kaleta is hit by Alexander Edler and loses puck.
13:07 of 3rd period - Wrist shot by Josef Vasicek.
13:07 of 3rd period - Stopped by Cam Ward with a rebound.
13:09 of 3rd period - Slapshot by Alexander Edler.
13:09 of 3rd period - Stopped by Cam Ward with a rebound.
13:49 of 3rd period - Snap shot by Jonathan Toews.
13:49 of 3rd period - Stopped by Steve Mason without a rebound.
13:50 of 3rd period - Brad Boyes wins face-off versus Jonathan Toews in Predators zone.
14:02 of 3rd period - Off-side.
14:03 of 3rd period - Josef Vasicek wins face-off versus Jonathan Toews in neutral zone.
14:05 of 3rd period - Minor Penalty to Michael Grabner for Tripping.
14:06 of 3rd period - Alexander Ovechkin wins face-off versus Jonathan Toews in Predators zone.
15:26 of 3rd period - Icing by Jonathan Toews.
15:27 of 3rd period - Vitali Yachmenev wins face-off versus Jonathan Toews in Oilers zone.
16:05 of 3rd period - Penalty to Michael Grabner is over, Michael Grabner is back on ice.
16:12 of 3rd period - Eric Nystrom is hit by Joe Thornton and loses puck.
17:29 of 3rd period - Minor Penalty to John Moore for Roughing.
17:30 of 3rd period - Jonathan Toews wins face-off versus Alexander Ovechkin in Predators zone.
17:31 of 3rd period - Snap shot by Ilya Kovalchuk.
17:31 of 3rd period - Stopped by Steve Mason with a rebound.
17:33 of 3rd period - Wrist shot by Jonathan Toews.
17:33 of 3rd period - Deflect By Wayne Simmonds.
17:33 of 3rd period - Shot Blocked by Ryan Mcdonagh.
17:33 of 3rd period - Puck is out of play.
17:34 of 3rd period - Alexander Ovechkin wins face-off versus Jonathan Toews in Predators zone.
17:40 of 3rd period - Icing by Wayne Simmonds.
17:41 of 3rd period - Alexander Ovechkin wins face-off versus Jonathan Toews in Oilers zone.
17:44 of 3rd period - Backhand shot by Joe Thornton.
17:44 of 3rd period - Stopped by Cam Ward with a rebound.
18:28 of 3rd period - Slapshot by Jonathan Toews.
18:28 of 3rd period - Stopped by Steve Mason with a rebound.
18:36 of 3rd period - Wrist shot by Ilya Kovalchuk.
18:36 of 3rd period - Shot Misses the Net.
18:38 of 3rd period - Slapshot by Ilya Kovalchuk.
18:38 of 3rd period - Stopped by Steve Mason without a rebound.
18:39 of 3rd period - Brad Boyes wins face-off versus Paul Stastny in Predators zone.
19:02 of 3rd period - Brett Clark is hit by Brad Boyes.
19:22 of 3rd period - Barret Jackman is hit by Ian White and loses puck.
19:29 of 3rd period - Penalty to John Moore is over, John Moore is back on ice.
19:33 of 3rd period - Alexander Edler is hit by Patrick Kaleta and loses puck.
19:48 of 3rd period - Backhand shot by Alexander Edler.
19:48 of 3rd period - Deflect By Ian White.
19:48 of 3rd period - Stopped by Cam Ward without a rebound.
19:49 of 3rd period - Jonathan Toews wins face-off versus Kris Vernarsky in Oilers zone.
Goals for this period are 2 for Oilers vs 2 for Predators.
Shots for this period are 11 for Oilers vs 9 for Predators.


Output by the SimonT Hockey Simulator (STHS) for François Prévost -- Original Page W3C XHTML 1.0 Valid
Hockey Simulator - Hockey Simulation - Hockey Manager